AoeStats
← SAKI

Yucatan

510474712Analyzed
2v2 RM · 1d ago on Oct 1, 2026· 27m 18s· 4 players
Game mode
Random Map
Map size
Medium (4 player)
Population
200
Speed
Normal
Resources
Standard
Victory
Conquest
Starting age
Dark Age
Ending age
Imperial Age
RankedLock teamsTeams togetherTeam positionsShared explorationLock speedFull tech treeHidden civsTurbo modeCheats
Victory
Defeat
🇨🇳 Danes · China
956
+18
🇨🇳 Wei · China
956
+18
🇨🇳 Burgundians · China
1098
-21
🇨🇳 Spanish · China
918
-15
Q董香酱E
7:59 Loom
10:57 Feudal Age
11:37 Double-Bit Axe
16:51 Castle Age
14:42 Horse Collar
15:50 Stone Mining
17:19 Wheelbarrow
22:15 Squires
22:39 Bow Saw
23:35 Forging
25:03 Scale Mail Armor
25:25 Arson
25:40 Gold Mining
KaoruRed
0:42 Loom
13:30 Feudal Age
14:51 Double-Bit Axe
19:45 Castle Age
17:40 Gold Mining
17:44 Stone Mining
19:47 Bloodlines
21:19 Husbandry
21:13 Fletching
21:05 Horse Collar
22:29 Wheelbarrow
21:39 Town Watch
26:57 Hand Cart
27:32 Tuntian
Canyu
11:23 Feudal Age
16:21 Castle Age
15:47 Stone Mining
15:46 Double-Bit Axe
16:37 Horse Collar
17:39 Bow Saw
17:52 Gold Mining
18:06 Heavy Plow
18:42 Loom
19:37 Stone Shaft Mining
25:21 Wheelbarrow
SAKI
9:23 Loom
11:31 Feudal Age
14:46 Horse Collar
14:54 Double-Bit Axe
17:44 Castle Age
16:29 Bow Saw
16:20 Heavy Plow
16:12 Gold Mining
20:01 Wheelbarrow
21:06 Stone Mining
21:49 Crop Rotation
22:40 Two-Man Saw
22:21 Hand Cart
23:27 Gold Shaft Mining
26:01 Stone Shaft Mining
Connection lost

Rejoining the realm…

Still unreachable

The connection could not be restored.

Session expired

The server has moved on; the page needs a fresh start.